 Dungeon Crawl Stone Soup version 0.29.0-4-gdea44cf6ec (webtiles) character file.

Game seed: 7671827917658166843

1505 qw the Grappler (level 8, -16/75 HPs)
             Began as a Troll Cinder Acolyte on Sept 1, 2022.
             Was an Elder of Ignis.
             Demolished by a large slime creature (21 damage)
             ... on level 6 of the Dungeon.
             The game lasted 00:03:01 (4550 turns).

qw the Grappler (Troll Cinder Acolyte)              Turns: 4550, Time: 00:03:02

Health: -16/75     AC: 13    Str: 25    XL:     8   Next: 52%
Magic:  8/8        EV:  9    Int: 10    God:    Ignis [****..]
Gold:   246        SH:  0    Dex:  5    Spells: 9/9 levels left

rFire   + . .      SeeInvis .     - Unarmed
rCold   . . .      Faith    .   (no shield)
rNeg    . . .      Spirit   .   a - +0 robe
rPois   .          Reflect  .   (helmet restricted)
rElec   .          Harm     .   e - +1 cloak
rCorr   .          Rampage  .   (gloves unavailable)
Will    +....                   (boots unavailable)
Stlth   +.........              (no amulet)
HPRegen 1.02/turn               f - ring of willpower
MPRegen 0.11/turn               (no ring)

@: about to teleport, fiery-armoured
A: large, unfitting armour, claws 3, regeneration 1, shaggy fur 1, tough skin 1
a: Renounce Religion, Fiery Armour, Foxfire Swarm, Rising Flame


You were on level 6 of the Dungeon.
You worshipped Ignis.
Ignis was greatly pleased with you.
You visited 1 branch of the dungeon, and saw 6 of its levels.

You collected 246 gold pieces.


Innate Abilities, Weirdness & Mutations

You are too large for most types of armour.
You have claws for hands.
Your natural rate of healing is unusually fast.
You are covered in fur. (AC +1)
You have tough skin. (AC +1)


   Skills:
 + Level 3.4 Fighting
 - Level 3.0 Throwing
 - Level 1.1 Dodging
 - Level 10.0 Unarmed Combat
 - Level 1.0 Spellcasting
 - Level 2.1 Fire Magic


You had 9 spell levels left.
You didn't know any spells.
Your spell library contained the following spells:

 Spells                   Type           Power      Damage    Failure   Level
 Scorch                   Fire           8%         2d5       22%         2

Inventory:

Missiles
 d - 5 large rocks (quivered)
Armour
 a - a +0 robe (worn)
 e - a +1 cloak (worn)
Jewellery
 f - a ring of willpower (left claw)
 g - an amulet of magic regeneration
Scrolls
 k - 7 scrolls of identify
Potions
 b - 2 potions of heal wounds
 c - a potion of haste
 h - a potion of might

Dungeon Overview and Level Annotations

Branches:
Dungeon (6/15)             Temple (0/1) D:4

Altars:
Elyvilon
Fedhas
Okawaru
Vehumet

Shops:
D:1 (

Annotations:
D:5 2 transporters


Message History

The slime creature is lightly wounded.
The slime creature hits you.
You claw the slime creature!
The slime creature is moderately wounded.
You claw the slime creature!
The slime creature is heavily wounded.
The slime creature hits you!
You scratch the slime creature.
The slime creature is heavily wounded.
The slime creature hits you!
A slime creature comes into view.
You scratch the slime creature.
The slime creature is heavily wounded.
The slime creature closely misses you.
Two slime creatures merge to form a large slime creature.
You scratch the large slime creature.
The large slime creature is moderately wounded.
You barely miss the large slime creature.
The large slime creature is moderately wounded.
You claw the large slime creature!
The large slime creature is moderately wounded.
The large slime creature barely misses you.
You scratch the large slime creature but do no damage.
The large slime creature is moderately wounded.
The large slime creature hits you!!!
Ouch! That really hurt!
4548 ||| INVOKING Fiery Armour.
A protective cloak of flame settles atop you.
The large slime creature barely misses you.
You claw the large slime creature!
The large slime creature is heavily wounded.
The large slime creature hits you!
The large slime creature is burned by your cloak of flames.
The large slime creature is heavily wounded.
A jelly comes into view.
4550 ||| READING scroll of teleportation.
As you read the scroll of teleportation, it crumbles to dust.
You feel strangely unstable. The large slime creature hits you!!
You die...

####...##.####### #.#
#.....>......###.###
#..###..####........
#### ##..# #.......(
###### #### ##..>....
...J..# ##########......
.%JP.JJ##......###......
#J#.......##......
#@#........)......
#.#?.......'......
#.#'#......'......
#.#.#.....##.#.###
#.#.#....#####.#
##.####### #.# ### .#


You could see a large slime creature and a jelly.

Vanquished Creatures
  A water moccasin (D:6)
  Duvessa (D:4)
  A sky beast (D:6)
  An ogre (D:4)
  A phantom (D:6)
  2 kobold brigands
  A necrophage (D:6)
  Dowan (D:4)
  3 wights (D:5)
  2 hounds
  A jelly (D:5)
  A gnoll bouda (D:5)
  An orc priest (D:3)
  Jessica (D:2)
  3 orc wizards
  2 iguanas (D:6)
  Natasha (twice) (D:2)
  Terence (D:2)
  Robin (D:2)
  7 gnolls (D:5)
  7 adders
  2 ufetubi
  3 dart slugs
  13 orcs
  7 ball pythons
  4 endoplasms
  17 goblins
  14 hobgoblins
  11 jackals
  4 quokkas
  6 bats
  7 frilled lizards
  12 kobolds
  4 rats
145 creatures vanquished.

Vanquished Creatures (others)
  5 fungi (D:6)
  9 toadstools (D:6)
14 creatures vanquished.

Grand Total: 159 creatures vanquished

Notes
Turn   | Place    | Note
-------+----------+-------------------------------------------
     0 | D:1      | qw the Troll Cinder Acolyte began the quest for the Orb.
     0 | D:1      | Reached XP level 1. HP: 22/22 MP: 1/1
     0 | D:1      | 0 ||| qw: Version: 0.1-a-97-g2dd2ca4
     0 | D:1      | 0 ||| qw: Game counter: 4800
     0 | D:1      | 0 ||| qw: Always use a shield: true
     0 | D:1      | 0 ||| qw: God list: Okawaru
     0 | D:1      | 0 ||| qw: Allow faded altars: false
     0 | D:1      | 0 ||| qw: Do Orc after D:15 true
     0 | D:1      | 0 ||| qw: Do second Lair branch before Depths: true
     0 | D:1      | 0 ||| qw: Lair rune preference: random
     0 | D:1      | 0 ||| qw: Plans: Normal
     0 | D:1      | 0 ||| PLANNING D:1-11
   122 | D:1      | 122 ||| Stepping ~*~*~tactically~*~*~ (stealth).
   126 | D:1      | Reached XP level 2. HP: 29/29 MP: 2/2
   128 | D:1      | 128 ||| Stepping ~*~*~tactically~*~*~ (stealth).
   486 | D:1      | Found Kaawene's Antique Weapon Emporium.
   498 | D:1      | 498 ||| UPGRADING to ring of willpower.
   565 | D:1      | Reached skill level 4 in Unarmed Combat
   733 | D:1      | 733 ||| DROPPING +6 ring of intelligence.
   734 | D:1      | 734 ||| READING scroll labelled UCIMIE RUURE.
   735 | D:1      | 735 ||| READING 2 scrolls labelled ZUPPAZ FOOGGE.
   736 | D:1      | 736 ||| READING scroll labelled SETUTA JIAH.
   737 | D:1      | 737 ||| READING scroll labelled ZUNI UWKYET.
   738 | D:1      | 738 ||| DROPPING scroll of poison.
   739 | D:1      | 739 ||| Stepping randomly (stuck).
   740 | D:1      | 740 ||| Stepping ~*~*~tactically~*~*~ (cloud).
   834 | D:2      | 834 ||| Stepping ~*~*~tactically~*~*~ (stealth).
   840 | D:2      | Noticed Robin
   841 | D:2      | 841 ||| Stepping ~*~*~tactically~*~*~ (stealth).
   844 | D:2      | Reached XP level 3. HP: 36/36 MP: 3/3
   845 | D:2      | 845 ||| Stepping ~*~*~tactically~*~*~ (hiding).
   855 | D:2      | Killed Robin
   857 | D:2      | 857 ||| Stepping ~*~*~tactically~*~*~ (outnumbered).
   858 | D:2      | 858 ||| Stepping ~*~*~tactically~*~*~ (outnumbered).
   859 | D:2      | 859 ||| Stepping ~*~*~tactically~*~*~ (outnumbered).
   860 | D:2      | 860 ||| Stepping ~*~*~tactically~*~*~ (outnumbered).
   861 | D:2      | 861 ||| Stepping ~*~*~tactically~*~*~ (outnumbered).
   862 | D:2      | 862 ||| Stepping ~*~*~tactically~*~*~ (outnumbered).
   863 | D:2      | 863 ||| Stepping ~*~*~tactically~*~*~ (outnumbered).
   864 | D:2      | 864 ||| STAIRDANCE
   870 | D:2      | 870 ||| STAIRDANCE
   875 | D:2      | 875 ||| STAIRDANCE
   877 | D:1      | 877 ||| Stepping ~*~*~tactically~*~*~ (outnumbered).
   901 | D:2      | Noticed Terence
   911 | D:2      | Killed Terence
   912 | D:2      | Reached XP level 4. HP: 41/44 MP: 4/4
   915 | D:2      | Reached skill level 5 in Unarmed Combat
   961 | D:2      | 961 ||| Stepping ~*~*~tactically~*~*~ (stealth).
   986 | D:2      | 986 ||| FLEEEEING.
   988 | D:2      | 988 ||| FLEEEEING.
   989 | D:2      | 989 ||| FLEEEEING.
   990 | D:2      | 990 ||| FLEEEEING.
   991 | D:2      | 991 ||| FLEEEEING.
   992 | D:2      | 992 ||| FLEEEEING.
   993 | D:2      | 993 ||| FLEEEEING.
   994 | D:2      | 994 ||| FLEEEEING.
   998 | D:2      | 998 ||| Stepping ~*~*~tactically~*~*~ (hiding).
  1307 | D:2      | 1307 ||| Stepping ~*~*~tactically~*~*~ (stealth).
  1309 | D:2      | 1309 ||| Stepping ~*~*~tactically~*~*~ (stealth).
  1312 | D:2      | 1312 ||| Stepping ~*~*~tactically~*~*~ (stealth).
  1313 | D:2      | 1313 ||| Stepping ~*~*~tactically~*~*~ (stealth).
  1336 | D:2      | Noticed Natasha
  1344 | D:2      | 1344 ||| INVOKING Fiery Armour.
  1346 | D:2      | 1346 ||| Stepping ~*~*~tactically~*~*~ (outnumbered).
  1351 | D:2      | Killed Natasha
  1377 | D:2      | Noticed Natasha
  1378 | D:2      | 1378 ||| FLEEEEING.
  1379 | D:2      | 1379 ||| FLEEEEING.
  1386 | D:2      | Killed Natasha
  1387 | D:2      | Reached XP level 5. HP: 50/50 MP: 5/5
  1426 | D:2      | Noticed Jessica
  1431 | D:2      | Killed Jessica
  1432 | D:2      | Reached skill level 6 in Unarmed Combat
  1652 | D:2      | Found a faded altar of an unknown god.
  1666 | D:2      | 1666 ||| UPGRADING to +0 cloak.
  1671 | D:2      | 1671 ||| UPGRADING to +1 cloak.
  1681 | D:2      | 1681 ||| DROPPING +0 cloak.
  1682 | D:2      | 1682 ||| READING 2 scrolls labelled PINI QIDUYRUSH.
  1683 | D:2      | 1683 ||| READING scroll labelled COCIOM CYGGAS.
  1684 | D:2      | 1684 ||| READING scroll labelled OFOENAREON.
  1687 | D:2      | 1687 ||| DROPPING scroll of blinking.
  1713 | D:3      | 1713 ||| STAIRDANCE
  1720 | D:3      | 1720 ||| Stepping ~*~*~tactically~*~*~ (stealth).
  1733 | D:3      | 1733 ||| Stepping ~*~*~tactically~*~*~ (outnumbered).
  1734 | D:3      | 1734 ||| Stepping ~*~*~tactically~*~*~ (outnumbered).
  1735 | D:3      | 1735 ||| Stepping ~*~*~tactically~*~*~ (outnumbered).
  1737 | D:3      | 1737 ||| Stepping ~*~*~tactically~*~*~ (outnumbered).
  1738 | D:3      | 1738 ||| Stepping ~*~*~tactically~*~*~ (outnumbered).
  1739 | D:3      | 1739 ||| Stepping ~*~*~tactically~*~*~ (outnumbered).
  1740 | D:3      | 1740 ||| Stepping ~*~*~tactically~*~*~ (outnumbered).
  1741 | D:3      | 1741 ||| Stepping ~*~*~tactically~*~*~ (outnumbered).
  1742 | D:3      | 1742 ||| Stepping ~*~*~tactically~*~*~ (outnumbered).
  1743 | D:3      | 1743 ||| Stepping ~*~*~tactically~*~*~ (outnumbered).
  1744 | D:3      | 1744 ||| Stepping ~*~*~tactically~*~*~ (outnumbered).
  1745 | D:3      | 1745 ||| Stepping ~*~*~tactically~*~*~ (outnumbered).
  1746 | D:3      | 1746 ||| STAIRDANCE
  1868 | D:3      | 1868 ||| Stepping ~*~*~tactically~*~*~ (stealth).
  1902 | D:3      | 1902 ||| Stepping ~*~*~tactically~*~*~ (outnumbered).
  1903 | D:3      | 1903 ||| Stepping ~*~*~tactically~*~*~ (outnumbered).
  1904 | D:3      | 1904 ||| Stepping ~*~*~tactically~*~*~ (outnumbered).
  1905 | D:3      | 1905 ||| Stepping ~*~*~tactically~*~*~ (outnumbered).
  1906 | D:3      | 1906 ||| Stepping ~*~*~tactically~*~*~ (outnumbered).
  1907 | D:3      | 1907 ||| Stepping ~*~*~tactically~*~*~ (outnumbered).
  1912 | D:3      | 1912 ||| Stepping ~*~*~tactically~*~*~ (outnumbered).
  1941 | D:3      | 1941 ||| Stepping ~*~*~tactically~*~*~ (hiding).
  1943 | D:3      | 1943 ||| Stepping ~*~*~tactically~*~*~ (hiding).
  2002 | D:3      | 2002 ||| Stepping ~*~*~tactically~*~*~ (stealth).
  2004 | D:3      | 2004 ||| Stepping ~*~*~tactically~*~*~ (stealth).
  2072 | D:3      | Reached XP level 6. HP: 55/59 MP: 6/6
  2144 | D:3      | Found a blossoming altar of Fedhas.
  2146 | D:3      | Found an iron altar of Okawaru.
  2149 | D:3      | Found a white marble altar of Elyvilon.
  2190 | D:3      | 2190 ||| DRINKING 2 fizzy dark potions.
  2191 | D:3      | 2191 ||| READING 3 scrolls of identify.
  2191 | D:3      | 2191 ||| IDENTIFYING fizzy blue potion
  2192 | D:3      | 2192 ||| READING 2 scrolls of identify.
  2192 | D:3      | 2192 ||| IDENTIFYING puce potion
  2193 | D:3      | 2193 ||| DROPPING potion of attraction.
  2194 | D:3      | 2194 ||| DROPPING potion of ambrosia.
  2226 | D:4      | 2226 ||| INVOKING Fiery Armour.
  2231 | D:4      | Reached skill level 7 in Unarmed Combat
  2284 | D:4      | Found a staircase to the Ecumenical Temple.
  2312 | D:4      | Identified the +3 ring mail of Zybueg {rElec rC+++ Will-
                  | Str+3}
  2354 | D:4      | Noticed Duvessa
  2356 | D:4      | Noticed Dowan
  2357 | D:4      | 2357 ||| INVOKING Fiery Armour.
  2362 | D:4      | Killed Duvessa
  2363 | D:4      | 2363 ||| Stepping ~*~*~tactically~*~*~ (hiding).
  2369 | D:4      | Killed Dowan
  2370 | D:4      | Reached XP level 7. HP: 49/66 MP: 7/7
  3064 | D:4      | Found a radiant altar of Vehumet.
  3065 | D:4      | 3065 ||| Stepping ~*~*~tactically~*~*~ (hiding).
  3067 | D:4      | 3067 ||| Stepping ~*~*~tactically~*~*~ (hiding).
  3377 | D:4      | 3377 ||| READING scroll labelled MUCOMO LUXZIRPH.
  3378 | D:4      | 3378 ||| READING scroll labelled CIUSIZ OFREQO.
  3379 | D:4      | 3379 ||| DRINKING 2 fuming ruby potions.
  3380 | D:4      | 3380 ||| READING 6 scrolls of identify.
  3380 | D:4      | 3380 ||| IDENTIFYING fizzy clear potion
  3381 | D:4      | 3381 ||| READING 5 scrolls of identify.
  3381 | D:4      | 3381 ||| IDENTIFYING red potion
  3382 | D:4      | 3382 ||| DROPPING potion of magic.
  3383 | D:4      | 3383 ||| DROPPING potion of flight.
  3430 | D:5      | Entered Level 5 of the Dungeon
  3460 | D:5      | Found a transporter.
  3465 | D:5      | Found a transporter.
  3555 | D:5      | Reached skill level 8 in Unarmed Combat
  3604 | D:5      | 3604 ||| Stepping ~*~*~tactically~*~*~ (stealth).
  3608 | D:5      | 3608 ||| Stepping ~*~*~tactically~*~*~ (hiding).
  3610 | D:5      | 3610 ||| Stepping ~*~*~tactically~*~*~ (hiding).
  3628 | D:5      | 3628 ||| Stepping ~*~*~tactically~*~*~ (hiding).
  3630 | D:5      | 3630 ||| Stepping ~*~*~tactically~*~*~ (hiding).
  3645 | D:5      | 3645 ||| READING 2 scrolls of teleportation.
  3667 | D:5      | Reached skill level 3 in Fighting
  3669 | D:5      | 3669 ||| Stepping ~*~*~tactically~*~*~ (outnumbered).
  3724 | D:5      | 3724 ||| Stepping ~*~*~tactically~*~*~ (stealth).
  3732 | D:5      | Reached skill level 3 in Throwing
  3760 | D:5      | 3760 ||| Stepping ~*~*~tactically~*~*~ (stealth).
  3768 | D:5      | 3768 ||| FLEEEEING.
  3769 | D:5      | 3769 ||| FLEEEEING.
  3772 | D:5      | 3772 ||| FLEEEEING.
  3773 | D:5      | 3773 ||| FLEEEEING.
  4167 | D:6      | Reached XP level 8. HP: 68/75 MP: 8/8
  4183 | D:6      | Reached skill level 9 in Unarmed Combat
  4255 | D:6      | 4255 ||| Stepping ~*~*~tactically~*~*~ (hiding).
  4259 | D:6      | 4259 ||| Stepping ~*~*~tactically~*~*~ (hiding).
  4260 | D:6      | 4260 ||| Stepping ~*~*~tactically~*~*~ (stealth).
  4268 | D:6      | Reached skill level 1 in Dodging
  4279 | D:6      | 4279 ||| INVOKING Fiery Armour.
  4286 | D:6      | 4286 ||| Stepping ~*~*~tactically~*~*~ (outnumbered).
  4287 | D:6      | 4287 ||| Stepping ~*~*~tactically~*~*~ (outnumbered).
  4302 | D:6      | 4302 ||| FLEEEEING.
  4303 | D:6      | 4303 ||| FLEEEEING.
  4304 | D:6      | 4304 ||| Stepping ~*~*~tactically~*~*~ (stealth).
  4308 | D:6      | 4308 ||| FLEEEEING.
  4309 | D:6      | 4309 ||| FLEEEEING.
  4310 | D:6      | 4310 ||| FLEEEEING.
  4311 | D:6      | 4311 ||| FLEEEEING.
  4312 | D:6      | 4312 ||| FLEEEEING.
  4313 | D:6      | 4313 ||| FLEEEEING.
  4314 | D:6      | 4314 ||| FLEEEEING.
  4315 | D:6      | 4315 ||| FLEEEEING.
  4316 | D:6      | 4316 ||| FLEEEEING.
  4317 | D:6      | 4317 ||| FLEEEEING.
  4318 | D:6      | 4318 ||| FLEEEEING.
  4319 | D:6      | 4319 ||| FLEEEEING.
  4320 | D:6      | 4320 ||| FLEEEEING.
  4321 | D:6      | 4321 ||| FLEEEEING.
  4322 | D:6      | 4322 ||| FLEEEEING.
  4323 | D:6      | 4323 ||| FLEEEEING.
  4324 | D:6      | 4324 ||| FLEEEEING.
  4325 | D:6      | 4325 ||| FLEEEEING.
  4328 | D:6      | 4328 ||| FLEEEEING.
  4329 | D:6      | 4329 ||| FLEEEEING.
  4330 | D:6      | 4330 ||| FLEEEEING.
  4334 | D:6      | 4334 ||| FLEEEEING.
  4365 | D:6      | 4365 ||| Stepping ~*~*~tactically~*~*~ (outnumbered).
  4366 | D:6      | 4366 ||| Stepping ~*~*~tactically~*~*~ (outnumbered).
  4367 | D:6      | 4367 ||| Stepping ~*~*~tactically~*~*~ (outnumbered).
  4368 | D:6      | 4368 ||| Stepping ~*~*~tactically~*~*~ (outnumbered).
  4369 | D:6      | 4369 ||| FLEEEEING.
  4370 | D:6      | 4370 ||| FLEEEEING.
  4371 | D:6      | 4371 ||| STAIRDANCE
  4373 | D:5      | HP: 15/74 [poisoned by a kobold brigand]
  4375 | D:5      | HP: 7/74 [poisoned by a kobold brigand]
  4380 | D:5      | HP: 5/74 [poisoned by a kobold brigand]
  4443 | D:5      | 4443 ||| READING 7 scrolls of identify.
  4443 | D:5      | 4443 ||| IDENTIFYING green potion
  4446 | D:6      | 4446 ||| STAIRDANCE
  4464 | D:5      | Reached skill level 10 in Unarmed Combat
  4493 | D:6      | 4493 ||| STAIRDANCE
  4534 | D:6      | Noticed a slime creature
  4537 | D:6      | 4537 ||| Stepping ~*~*~tactically~*~*~ (stealth).
  4542 | D:6      | Noticed a slime creature
  4548 | D:6      | 4548 ||| INVOKING Fiery Armour.
  4549 | D:6      | HP: 4/75 [large slime creature (17)]
  4550 | D:6      | 4550 ||| READING scroll of teleportation.
  4550 | D:6      | Demolished by a large slime creature

Levels and vault maps discovered:
D:1:      dpeg_arrival_court, layout_loops_ring, serial_shops, shop,
          dreamdust_mushroom_princess
D:2:      layout_loops_ring, shapermc_ecumenical_altar_mp_vishouse,
          uniq_jessica, uniq_terence, uniq_natasha, uniq_robin
D:3:      layout_rooms, minitemple, st_stairs_2
D:4:      nicolae_cairo_tiling_large_dashed, layout_layer_cave,
          vehumet_altar_wand_db, minmay_temple_entry_large_hall, uniq_duvessa
D:5:      gammafunk_wand_slinger, layout_loops_ring, hangedman_glass_teeth
D:6:      cheibrodos_fertilizer, layout_rooms, nicolae_tso_carved_into_rock,
          demons_altar, minmay_starry_boxes

Skill      XL: |  1  2  3  4  5  6  7  8 |
---------------+-------------------------+-----
Unarmed Combat | 4 5 6 7 8 10 | 10.0
Throwing       | 2 3 |  3.0
Fighting       | 3 |  3.4
Dodging        | 1 |  1.1
Spellcasting   | |  1.0
Fire Magic     | |  2.1

Action                   |  1- 3 |  4- 6 |  7- 9 || total
-------------------------+-------+-------+-------++-------
Melee: Unarmed           |    90 |   152 |   156 ||   398
       Punch             |       |     2 |     5 ||     7
Throw: Large rock        |       |     3 |    29 ||    32
Invok: Fiery Armour      |       |     3 |     2 ||     5
  Use: Scroll            |     4 |     5 |     7 ||    16
       Potion            |       |     1 |     1 ||     2
Armor: Robe              |    21 |    56 |    54 ||   131
Dodge: Dodged            |    34 |    57 |    48 ||   139

Table legend:
 A = Non-vault XP
 B = Vault XP
 C = Vault XP percentage of total XP
 D = Non-vault monster count
 E = Vault monster count
 F = Vault count percentage of total count
                 A         B        C        D         E       F
            +---------+---------+-------+---------+---------+-------
      Total |    1289 |     862 |  40.1 |     113 |      32 |  22.1
            +---------+---------+-------+---------+---------+-------
        D:1 |      33 |       8 |  19.5 |      21 |       4 |  16.0
        D:2 |      78 |     132 |  62.9 |      19 |      12 |  38.7
        D:3 |     135 |       3 |   2.2 |      22 |       2 |   8.3
        D:4 |     204 |     216 |  51.4 |      24 |       3 |  11.1
        D:5 |     514 |     104 |  16.8 |      19 |       1 |   5.0
        D:6 |     325 |     399 |  55.1 |       8 |      10 |  55.6
            +---------+---------+-------+---------+---------+-------
